Cogmind - Beta 14 @@@ ROGUE MODE // 2024.09.26 @ 16:49:02 Player: Cherman0 Result: Destroyed by R4-7JJ(R) with Subdweller Laser Performance ------------- Evolutions (0) 0 Regions Visited (2) 400 Robots Destroyed (33) 165 Value Destroyed (681) 681 Prototype IDs (3) 60 Alien Tech Used (0) 0 Bonus (0) 0 TOTAL SCORE: 1306 Bonus ------- None Cogmind --------- Core Integrity 0/250 Matter 250/300 Energy 280/280 System Corruption 0% Temperature Cool (6) Movement Rolling (150) Ox4 Location -10/Subcaves Parts ------- > --- POWER (1) -------- Heavy Ion Engine > --- PROPULSION (2) --- Light Treads Subdweller Monowheel > --- UTILITY (2) ------ Huge Storage Unit > --- WEAPON (2) ------- Autogun Autogun > --- INVENTORY (25) --- Heavy Ion Engine Heavy Ion Engine Subdweller Power Source Light Treads Compact Wheel Cooling System Cooling System Large Storage Unit High-capacity Battery (250) Medium Matter Pod (4) Subdweller Optics Hardened Light Armor Plating Hardened Light Armor Plating Hardened Light Armor Plating Scrap Shield Cobbler Unit Assault Rifle Autogun Autogun Battle Rifle Hammer Peak State ------------ > --- POWER ------------ Heavy Ion Engine > --- PROPULSION ------- Light Treads Subdweller Monowheel > --- UTILITY ---------- Huge Storage Unit Hardened Light Armor Plating > --- WEAPON ----------- Autogun Autogun > --- INVENTORY -------- Heavy Ion Engine Heavy Ion Engine Subdweller Power Source Light Treads Light Treads Compact Wheel Cooling System Cooling System Cooling System Cooling System Large Storage Unit High-capacity Battery Medium Matter Pod Subdweller Optics Sensor Array Hardened Light Armor Plating Hardened Light Armor Plating Scrap Shield Assault Rifle Assault Rifle Autogun Autogun Grenade Launcher Hammer [Rating: 17] Favorites ----------- Power Heavy Ion Engine Engine Heavy Ion Engine Propulsion Compact Wheel Treads Light Treads Leg Aluminum Leg Wheel Compact Wheel Utility Hardened Light Armor Plating Device Seismic Detector Storage Huge Storage Unit Protection Hardened Light Armor Plating Weapon Autogun Energy Gun Small Laser Energy Cannon Beam Cannon Ballistic Gun Autogun Launcher Grenade Launcher Impact Weapon Hammer Build | -11 -10 -10 ------- Run | Yrd Mat Sub Slots Evolved . | . . . Power . | . . . Propulsion . | . . . Utility . | . . . Weapon . | . . . Parts Attached 45 | 3 28 14 Power 3 | . 3 . Engine 3 | . 3 . Core . | . . . Reactor . | . . . Propulsion 13 | 2 7 4 Treads 10 | 2 5 3 Leg . | . . . Wheel 3 | . 2 1 Hover . | . . . Flight . | . . . Utility 11 | 1 4 6 Device 5 | 1 . 4 Storage 2 | . 2 . Processor . | . . . Hackware . | . . . Protection 4 | . 2 2 Artifact . | . . . Weapon 18 | . 14 4 Energy Gun 3 | . 3 . Energy Cannon 3 | . 3 . Ballistic Gun 8 | . 6 2 Ballistic Cannon . | . . . Launcher 3 | . 2 1 Special Weapon . | . . . Impact Weapon 1 | . . 1 Slashing Weapon . | . . . Piercing Weapon . | . . . Special Melee Weapon . | . . . Unidentified Prototypes 2 | . 2 . Parts Lost 9 | . 6 3 Power 1 | . 1 . Propulsion 3 | . 2 1 Utility 2 | . 1 1 Weapon 3 | . 2 1 Highest Loss Streak 3 | . 2 3 To Critical Strikes . | . . . Average Slot Usage (%) 97 | . 97 99 Engine 13 | . 13 14 Treads 11 | . 10 15 Wheel 14 | . 15 12 Device 5 | . 3 12 Storage 14 | . 14 14 Protection 8 | . 10 1 Energy Gun 2 | . 3 . Energy Cannon 1 | . 1 . Ballistic Gun 23 | . 23 26 Peak Build Rating 17 | 7 16 17 Average Rating 12 | 6 12 15 On Entrance 9 | 6 7 16 Naked Turns . | . . . Heaviest Build 99 | 11 99 99 Greatest Support 40 | 40 40 40 Greatest Overweight (x) 4 | . 4 4 Average Overweight (x) 2 | . 1 3 Largest Inventory Capacity 25 | 8 25 25 Average Capacity 19 | 8 18 25 Most Carried 25 | 6 25 25 Average Carried 16 | 6 15 24 Final Capacity 25 | 8 25 25 Final Carried 25 | 6 25 23 Class Distribution -------------------- 100% | Mutant Dominant Class ---------------- Mutant | -10/Materials Mutant | -10/Subcaves Resources | -11 -10 -10 ----------- Run | Yrd Mat Sub Matter Collected 1270 | 240 783 247 Remotely . | . . . Salvage Created 979 | 88 787 104 Parts 68 | 5 54 9 Haulers Intercepted 2 | . 2 . Recyclers Shooed 1 | . 1 . Parts Field Recycled . | . . . Retrieved Matter . | . . . Parts Self-Destructed 9 | . . 9 Prevented . | . . . Kills | -11 -10 -10 ------- Run | Yrd Mat Sub Combat Hostiles Destroyed 18 | . 15 3 Guns 13 | . 11 2 AOE 5 | . 4 1 Classes Destroyed 10 | 2 7 1 Worker 1 | . 1 . Builder 1 | . 1 . Tunneler 3 | 1 2 . Hauler 2 | . 2 . Recycler 2 | 1 1 . Operator 3 | . 3 . Watcher 3 | . 3 . Swarmer 6 | . 6 . Grunt 9 | . 9 . Subdweller 3 | . . 3 Best Kill Streak 4 | 1 4 1 Combat Bots Only 3 | . 3 1 Max Kills in Single Turn 3 | 1 3 1 Gunslinging . | . . . Exploded 3 | . 3 1 Melee . | . . . Uniques/NPCs Destroyed . | . . . Combat | -11 -10 -10 -------- Run | Yrd Mat Sub Hostile Shots Fired 125 | . 89 36 Missed 31 | . 20 11 Damage Taken 1424 | . 846 578 Core 253 | . 105 148 Absorbed by Shields . | . . . Regen/Repaired (Parts) 92 | . 92 . Core Remaining (%) 100 | 100 . . Volleys Fired 117 | 10 88 19 Largest 2 | 2 2 2 Hottest 100 | 60 100 46 Shots Fired 226 | 20 173 33 Gun 221 | 20 170 31 Cannon 1 | . 1 . Launcher 4 | . 2 2 Special . | . . . Kinetic 182 | 10 141 31 Thermal 40 | 10 30 . Explosive 4 | . 2 2 Electromagnetic . | . . . Robot Hit Streak 11 | 8 11 11 Robot Miss Streak 5 | 2 5 3 Penetration Max . | . . . Secondary Targets . | . . . Shots Hit Robots 140 | 15 102 23 Core Hits 55 | 4 44 7 Critical Kills . | . . . Critical Parts Destroyed . | . . . Critical Strikes . | . . . Melee Attacks 5 | . . 5 Impact 5 | . . 5 Slashing . | . . . Piercing . | . . . Sneak Attacks . | . . . Combat Hostiles . | . . . Follow-up Attacks . | . . . Damage Inflicted 2328 | 144 1619 565 Guns 1878 | 144 1445 289 Cannons 18 | . 18 . Explosions 426 | . 150 276 Melee . | . . . Ramming 6 | . 6 . Kinetic 1546 | 67 1190 289 Thermal 350 | 77 273 . Explosive 426 | . 150 276 Electromagnetic . | . . . Impact . | . . . Slashing . | . . . Piercing . | . . . Highest Corruption . | . . . Average Corruption . | . . . Corruption Purged . | . . . Corruption Blocked . | . . . Overload Shots . | . . . Overflow Damage . | . . . Projectiles . | . . . Explosions . | . . . Melee . | . . . Knockbacks . | . . . Impact . | . . . Kinetic . | . . . Secondary . | . . . Self-Inflicted Damage 40 | . 22 18 Shots 3 | . 1 2 Rammed 2 | . 2 . Targets Rammed 2 | . 2 . Kicked . | . . . Crushed . | . . . Highest Temperature 213 | 40 213 . Average Temperature 42 | 20 45 . Received Heat Transfer 519 | . 405 114 Siege Activations . | . . . Robots Corrupted . | . . . Combat Hostiles . | . . . Parts Fried . | . . . Impact Corruptions . | . . . Robots Melted . | . . . Combat Hostiles . | . . . Parts Melted 1 | . 1 . Heat Transferred 787 | 175 612 . Parts Sabotaged . | . . . Parts Stolen . | . . . Parts Stripped . | . . . Power Chain Reactions . | . . . Alert | -11 -10 -10 ------- Run | Yrd Mat Sub Peak Influence 236 | 10 236 . Initial 6 | . 6 . Average 54 | 5 55 . Maximum Alert Level 1 | . 1 . Low Security (%) 97 | 100 97 . Level 1 2 | . 2 . Level 2 . | . . . Level 3 . | . . . Level 4 . | . . . Level 5 . | . . . High Security . | . . . Max Security . | . . . Squads Dispatched 5 | . 5 . Investigation 3 | . 3 . Extermination . | . . . Reinforcement 2 | . 2 . Assault . | . . . Garrison . | . . . Intercept . | . . . Searches Triggered . | . . . Construction Impeded . | . . . Haulers Reinforced . | . . . Active Scanning Responses . | . . . Cargo Convoy Interrupts . | . . . Stealth | -11 -10 -10 --------- Run | Yrd Mat Sub Distress Signals 1 | . 1 . Communications Jammed . | . . . Distress Signals . | . . . Times Spotted 46 | . 38 8 Peak Tracking Total 4 | . 3 4 Tactical Retreats 1 | . . 1 Traps | -11 -10 -10 ------- Run | Yrd Mat Sub Traps Triggered 6 | . 6 . Indirectly . | . . . Trap Hack Attempts . | . . . Triggered . | . . . Disarmed . | . . . Reprogrammed . | . . . Reused . | . . . Traps Extracted . | . . . Installed . | . . . Triggered . | . . . Machines | -11 -10 -10 ---------- Run | Yrd Mat Sub Machines Disabled 3 | . 3 . Max in Single Turn 1 | . 1 . Machines Repaired . | . . . Machines Dismantled . | . . . Machines Sabotaged . | . . . Overloaded Fab Kills . | . . . Hacking | -11 -10 -10 --------- Run | Yrd Mat Sub Machines Accessed 7 | . 7 . Terminals 5 | . 5 . Fabricators . | . . . Repair Stations 1 | . 1 . Recycling Units 1 | . 1 . Scanalyzers . | . . . Garrison Access . | . . . Total Hacks 23 | . 23 . Successful 11 | . 11 . Failed 12 | . 12 . Catastrophic . | . . . Database Lockouts . | . . . Manual 17 | . 17 . Terminals 19 | . 19 . Fabricators . | . . . Repair Stations 3 | . 3 . Recycling Units 1 | . 1 . Scanalyzers . | . . . Garrison Access . | . . . Terminal Hacks 3 | . 3 . Robot Analysis 1 | . 1 . Prototype ID Bank 1 | . 1 . Recall Reinforcements 1 | . 1 . Fabricator Hacks . | . . . Repair Station Hacks 2 | . 2 . Scan Component 1 | . 1 . Repair 1 | . 1 . Recycling Unit Hacks . | . . . Scanalyzer . | . . . Garrison Access Hacks . | . . . Unauthorized Hacks 6 | . 6 . Terminals 5 | . 5 . Skim 5 | . 5 . Fabricators . | . . . Repair Stations . | . . . Recycling Units 1 | . 1 . Tunnel 1 | . 1 . Scanalyzers . | . . . Garrison Access . | . . . Data Cores Recovered . | . . . Used . | . . . Hacking Detections 6 | . 6 . Full Trace Events 1 | . 1 . Feedback Events . | . . . Feedback Blocked . | . . . Robot Schematics Acquired . | . . . Robots Built . | . . . Authchips . | . . . Time . | . . . Total Robot Build Rating . | . . . Part Schematics Acquired . | . . . Parts Built . | . . . Authchips . | . . . Time . | . . . Total Part Build Rating . | . . . Parts Repaired 1 | . 1 . Time 32 | . 32 . Parts Recycled . | . . . Recycled Matter . | . . . Retrieved Matter . | . . . Retrieved Components . | . . . Parts Scanalyzed . | . . . Part Schematics Acquired . | . . . Parts Damaged . | . . . Bothacking | -11 -10 -10 ------------ Run | Yrd Mat Sub Used RIF Installer . | . . . Robots Hacked . | . . . Non-combat . | . . . Combat . | . . . Robot Hacks Applied . | . . . Relay Couplers Released . | . . . Fabnet Peak Effective % . | . . . Robots Rewired . | . . . Allies Hacked . | . . . Hacks Repelled . | . . . Allies | -11 -10 -10 -------- Run | Yrd Mat Sub Total Allies . | . . . Largest Group . | . . . Highest-Rated Group . | . . . Highest-Rated Ally . | . . . Total Orders . | . . . Ally Attacks . | . . . Total Damage . | . . . Kills . | . . . Allies Corrupted . | . . . Allies Melted . | . . . Intel | -11 -10 -10 ------- Run | Yrd Mat Sub Robot Analysis Total 1 | . 1 . Derelict Logs Recovered . | . . . Drone Launches . | . . . Drone Recoveries . | . . . Exploration | -11 -10 -10 ------------- Run | Yrd Mat Sub Turns Passed 2891 | 59 2406 426 Spaces Moved 1467 | 16 1269 182 Core 1 | . 1 . Treads 520 | 16 500 4 Legs . | . . . Wheels 946 | . 768 178 Hover . | . . . Flight . | . . . Fastest Speed 115 | 160 115 130 Average Speed 157 | 160 158 152 Slowest Speed 320 | 160 250 320 Overloaded Moves . | . . . Propulsion Burnouts . | . . . Robots Hopped . | . . . Cave-ins Triggered . | . . . Exploration Rate (%) 39 | 3 100 15 Regions Visited 2 Branch Regions 1 Pre-discovered Areas 1 | . 1 . Known Exits Taken . | . . . Unknown Exits Taken 2 | 1 1 . Scrap Searched . | . . . Spaces Dug . | . . . Terrain Destroyed 24 | . 15 9 Melee . | . . . Projectile . | . . . AOE 24 | . 15 9 Terrain Rammed . | . . . Walls Destroyed . | . . . Machines Disabled . | . . . Actions | -11 -10 -10 --------- Run | Yrd Mat Sub Total 1839 | 30 1516 293 Wait 141 | 2 80 59 Move 1465 | 15 1268 182 Hop . | . . . Pick Up 39 | . 33 6 Fast Attach 12 | 1 11 . Attach 8 | . 6 2 Detach 2 | . 2 . Swap 26 | 2 12 12 Drop 22 | . 14 8 Fire 117 | 10 88 19 Melee 5 | . . 5 Ram 1 | . 1 . Kick . | . . . Crush 1 | . 1 . Escape Stasis . | . . . Rewire . | . . . Trap . | . . . Miscellaneous . | . . . Route ------- -11/Scrapyard -10/Materials (discovered 5 exits: [*Mat x3] / [*Min] / [*Sub]) -10/Subcaves History --------- Turn | Location | Event 18 | -11/Scrapyard | Discovered new exit (range 3) 60 | -11/Scrapyard | Entered Materials 289 | -10/Materials | Discovered new exit (range 3) 315 | -10/Materials | Build established: Mutant 338 | -10/Materials | Discovered new exit (range 6) 423 | -10/Materials | Discovered new exit (range 3) 667 | -10/Materials | Discovered new exit (range 12) 2024 | -10/Materials | Discovered new exit (range 7) 2206 | -10/Materials | Repaired Autogun 2466 | -10/Materials | Entered Subcaves 2732 | -10/Subcaves | Shifting Twisted Machinery released Battle Rifle 2761 | -10/Subcaves | Core integrity fell below 50% 2866 | -10/Subcaves | A Subdweller sparked back to life 2866 | -10/Subcaves | A Subdweller sparked back to life 2866 | -10/Subcaves | A Subdweller sparked back to life 2878 | -10/Subcaves | Core integrity fell below 20% 2892 | -10/Subcaves | Destroyed by R4-7JJ(R) with Subdweller Laser Last Messages --------------- 02789_ Acquired 20 matter. 02790_ Acquired 58 matter. 02792_ Dropped Cooling System. 02794_ Acquired Cobbler Unit. 02824_ Subatomizers dissect the Sub. Power Source. 02849_ Acquired 58 matter. 02853_ Subatomizers dissect the Sub. Power Source. 02861_ Acquired 18 matter. 02863_ Subatomizers dissect the Sub. Power Source. 02866_ 1F-4PI(R) creaks and sparks as it begins to move. 02866_ 8N-G61(R) creaks and sparks as it begins to move. 02866_ C2-47G(R) creaks and sparks as it begins to move. 02871_ Lgt. Treads destroyed. 02872_ C2-47G(R) destroyed. 02873_ Grenade Launcher destroyed. 02878_ Sensor Array destroyed. 02880_ 1F-4PI(R) affixes Scrap Shield Fragment to Scrap Shield. 02883_ 8N-G61(R) affixes Scrap Shield Fragment to Scrap Shield. 02886_ Acquired 15 matter. 02888_ 1F-4PI(R) affixes Scrap Shield Fragment to Scrap Shield. Map ----- +----------------------------------------------------+ | | | | | | | | | | | | | ?????????????????????????????????????????????????? | | ?????????????????????????????????????????????????? | | ?????????????????????????????????????????????????? | | ?????????????????????????????????????????????????? | | ?????????????????????????????????????????????????? | | ?????????????????????????????????????????????????? | | ?????????????????????????????????????????????????? | | ?????????????????????????????????????????????????? | | ?????????????????????????????????????????????????? | | ?????????????????????????????????????????????????? | | ?????????????????????????????????????????????????? | | ?????????????????????????????????????????????????? | | ?????????????????????????????????????????????????? | | ?????????????????????????????????????????????????? | | ???????????????????????????????????????????###???? | | ??????????????????????????????????????##### ##??? | | ???????????????##""?####?????????????# #??? | | ??????????????? ""## #######????### #?? | | ????????????????#""" ""#""""#???? ????? | | ??????????????????##""! @""###### #???????? | | ??????????????????#""<&< " ## ## #????????? | | ??????????????????# ! [ """ #????????? | | ??????????????????#< [ "" #???????## | | ??????????????????#< ! #"## #### ###???????# | | ??????????????????# % ""R# ##??# ###???????# | | ??????????????????# R R "!"##???# #??????## | | ??????????????????# ! & %=& #??## #??##### | | ??????????" # ##! ##### #?## | | ??????????? " " ###!*### #?# | | ????????????##"% %=%=## ## " ##?# # | | ?????????????# # #% #"] ### " ##??# ## | | ?????????????#?####### #?## ##### ### | | ?????????????????????####??## ## ##? | | ????????????????????????????# ###### #?# | | ????????????????????????????# ##"#?##### ### | | ????????????????????????????# "#?????######?# | | ????????????????????????????## "######???????# | | ?????????????????????????????### "" ##??????# | | ???????????????????????????????##[" #?????? | | ????????????????????????????????# "" ? | | ????????????????????????????????#"""" | | ????????????????????????????????# """ ## # # | | ????????????????????????????????% " #?? #????# | | ????????????????????????????????# #?????????? | +----------------------------------------------------+ Best States ------------- Heat Dissipation 25 Energy Generation 14 Energy Capacity 280 Matter Stores 300 Matter Capacity 300 Sight Range 16 Robot Scan Range 14 Terrain Scan Density 10 Armor Coverage 150 Evasion (%) 40 Recoil Reduction 2 Item Schematics ----------------- None Robot Schematics ------------------ None Fabricated ------------ Nothing Alien Tech Used ----------------- None Achievements -------------- None Challenges ------------ None Game ------ Seed LongswordVoltaicBox Manual? 0 Play Time 00:26:13 Cumulative 142.1 hours Start 2024.09.26 @ 16:23:26 End 2024.09.26 @ 16:49:02 Sessions 1 Manual Loads 0 Difficulty Rogue Special Mode None Game No. 74 Rogue 74 Adventurer 0 Explorer 0 Win Type - Total 1 Types 0/0/0/1/0/0/0/0/0 Lore% 46 Gallery% 59 Achievement% 49 Wizard Run 0 Options --------- Layout 0 ASCII 0 Keyboard 0 Movement Numpad Keybinds 1 Fullscreen 2 Font 18/X11 Map View 76x50 Zoom Use 0% Tactical HUD 1 Map Filters NONE Filters NONE Steam 1 RUN: 4ed1d795-39c7-4ec9-8b0b-9c076577ac2f